 Dungeon Crawl Stone Soup version 0.21-a0-95-g06f091e (webtiles) character file.

69 Ordine the Magician (level 4, -1/24 HPs)
             Began as a Deep Elf Wizard on July 4, 2017.
             Was an Initiate of Sif Muna.
             Slain by an adder (4 damage)
             ... on level 3 of the Dungeon.
             The game lasted 00:06:29 (1873 turns).

Ordine the Magician (Deep Elf Wizard)               Turns: 1873, Time: 00:06:29

Health: -1/24      AC:  4    Str:  4    XL:     4   Next: 2%
Magic:  9/13       EV: 13    Int: 24    God:    Sif Muna [......]
Gold:   54         SH:  0    Dex: 13    Spells: 4/13 levels left

rFire    . . .     SeeInvis .   g - +1 short sword
rCold    . . .     Gourm    .   (no shield)
rNeg     . . .     Faith    .   a - +0 robe
rPois    .         Spirit   .   e - +1 helmet
rElec    .         Reflect  .   (no cloak)
rCorr    .         Harm     .   (no gloves)
MR       .....                  (no boots)
Stlth    +.........             (no amulet)
HPRegen  0.08/turn              (no ring)
MPRegen  0.13/turn              (no ring)

@: sleeping, glowing
A: no striking features
a: Renounce Religion


You were on level 3 of the Dungeon.
You worshipped Sif Muna.
Sif Muna was noncommittal.
You were not hungry.

You visited 1 branch of the dungeon, and saw 3 of its levels.

You collected 54 gold pieces.

Inventory:

Hand Weapons
 g - a +1 short sword (weapon)
Armour
 a - a +0 robe (worn)
 e - a +1 helmet (worn)
Jewellery
 l - an uncursed amulet of harm {unknown}
Scrolls
 h - 2 scrolls of blinking
Potions
 b - a potion of invisibility
 k - a potion of magic {unknown}
Books
 c - a book of Minor Magic

   Spells                             Type                      Level
   a - Magic Dart                     Conjuration                  1
   b - Blink                          Translocation                2
   c - Call Imp                       Summoning                    2
   d - Slow                           Hexes                        2
   e - Conjure Flame                  Conjuration/Fire             3
   f - Mephitic Cloud                 Conjuration/Poison/Air       3
Comestibles
 d - a bread ration
 f - 2 chunks of flesh
 i - 2 meat rations
 j - a fruit


   Skills:
 + Level 0.6 Short Blades
 - Level 2.4 Dodging
 + Level 3.3 Stealth
 - Level 5.0 Spellcasting
 * Level 2.3 Conjurations
   Level 1.1 Summonings
 + Level 2.0 Translocations
 + Level 0.2 Fire Magic
 + Level 0.4 Air Magic


You had 4 spell levels left.
You knew the following spells:

 Your Spells              Type           Power        Failure   Level  Hunger
a - Magic Dart            Conj           ###.         3%          1    None
b - Blink                 Tloc           N/A          6%          2    None
c - Conjure Flame         Conj/Fire      ##......     16%         3    ##.....
d - Mephitic Cloud        Conj/Pois/Air  ##......     19%         3    ##.....


Dungeon Overview and Level Annotations

Branches:
Dungeon (3/15)

Altars:
Hepliaklqana
Sif Muna
Xom

Annotations:
D:3 Musica's ghost, amateur SpEn


Message History

Musica's ghost is lightly damaged.
An adder comes into view.
Casting: Magic Dart
Confirm with . or Enter, or press ? or * to list all spells.
Aiming: Magic Dart
Press: ? - help, Shift-Dir - straight line, f/p - Musica's ghost
Aim: Musica's ghost, wielding a weapon of draining (lightly damaged)
The magic dart hits Musica's ghost.
Musica's ghost is lightly damaged.
The adder hisses angrily.
Musica's ghost gestures at you while chanting.
You are outlined in light.
Musica's ghost points at you and mumbles some strange words.
The magic dart hits you!
* * * LOW HITPOINT WARNING * * *
Okay, then.
Musica's ghost casts a spell at you.
You fall asleep.
Musica's ghost closely misses you. The adder bites you.
You die...

....^.............
#......##....##...
#.###......S......
..................
###..........##...
#.......#####....
#...##......... .
...## #WS#.#.###
### ###@.._..#
####....#.###
#..<.##...#
......#########
....# ... .


You could see Musica's ghost and an adder.

Vanquished Creatures
  An adder (D:2)
  An ooze (D:1)
  3 worms
  3 dart slugs
  2 leopard geckos
  7 bats
  A giant cockroach (D:1)
  7 goblins
  3 hobgoblins
  A quokka (D:2)
  2 frilled lizards
  6 kobolds (D:1)
  3 rats (D:1)
40 creatures vanquished.

Notes
Turn   | Place    | Note
-------+----------+-------------------------------------------
     0 | D:1      | Ordine the Deep Elf Wizard began the quest for the Orb.
     0 | D:1      | Reached XP level 1. HP: 10/10 MP: 7/7
   273 | D:1      | Reached XP level 2. HP: 15/15 MP: 1/9
   277 | D:1      | Learned a level 2 spell: Blink
   844 | D:1      | Reached XP level 3. HP: 19/19 MP: 9/11
   849 | D:1      | Learned a level 3 spell: Conjure Flame
   853 | D:1      | Learned a level 3 spell: Mephitic Cloud
  1236 | D:2      | Found a deep blue altar of Sif Muna.
  1239 | D:2      | Became a worshipper of Sif Muna the Loreminder
  1327 | D:2      | Reached skill level 5 in Spellcasting
  1576 | D:2      | Found a shimmering altar of Xom.
  1801 | D:3      | Found a hazy altar of Hepliaklqana.
  1813 | D:3      | Reached XP level 4. HP: 15/24 MP: 3/13
  1859 | D:3      | Noticed Musica's ghost (amateur SpEn)
  1873 | D:3      | Slain by an adder

Vault maps used:
D:1:      dpeg_arrival_erosion
D:2:      lemuel_doored_altar, lemuel_blue_sif_altar, minivault_26
D:3:      lemuel_crystal_altar, first_bread, portal_sewer_entry_d

Skill      XL: |  1  2  3 |
---------------+----------+-----
Stealth        | 3 |  3.3
Conjurations   | 2 |  2.3
Spellcasting   | 5 |  5.0
Translocations | 2 |  2.0
Short Blades   | |  0.6
Dodging        | |  2.4
Summonings     | |  1.1
Fire Magic     | |  0.2
Air Magic      | |  0.4

Action                   |  1- 3 |  4- 6 || total
-------------------------+-------+-------++-------
 Cast: Magic Dart        |    98 |     3 ||   101
  Use: Scroll            |     7 |       ||     7
  Eat: Chunk             |     2 |     1 ||     3
Armor: Robe              |     2 |       ||     2
Dodge: Dodged            |     9 |     1 ||    10
